BSA
GREENVILLE 84S @ KANSAS CITY KINGS
06/28/2029
 
TOP OF THE 1ST
Greenville 84s batting - Pitching for Kansas City Kings : RHP Ron Young
Pitching: RHP Ron Young
Batting: RHB Carlos Torres 0-0: Swinging Strike
0-1: Ball
1-1: Foul Ball, location: 2F
1-2: Strikes out swinging
Batting: LHB Paco Rosas 0-0: Ground out 4-3 (Groundball, 4M)
Batting: RHB Enzo Díaz 0-0: Swinging Strike
0-1: Fly out, F3 (Popup, 34S)
Top of the 1st over - 0 runs, 0 hits, 0 errors, 0 left on base; Greenville 0 - Kansas City 0
BOTTOM OF THE 1ST
Kansas City Kings batting - Pitching for Greenville 84s : LHP Darrell Harding
Pitching: LHP Darrell Harding
Batting: RHB Chris Chandler 0-0: Ball
1-0: Ball
2-0: Foul Ball, location: 2F
2-1: Foul Ball, location: 2F
2-2: Ball
3-2: Ground out 6-3 (Groundball, 6)
Batting: SHB Douglas Taylor 0-0: Ball
1-0: Called Strike
1-1: Reached on error, E4 (Groundball, 4M)
Batting: RHB Toshimichi Kono 0-0: Ball
1-0: Called Strike
Douglas Taylor steals 2nd base
1-1: Swinging Strike
1-2: Ball
2-2: SINGLE (Groundball, 56D)
Douglas Taylor to third
Runner from 3rd tries for Home, SAFE, no throw
Batting: LHB Ron Crawford 0-0: Ball
1-0: Swinging Strike
1-1: Foul Ball, location: 2F
1-2: Ball
2-2: SINGLE (Line Drive, 8RS)
Toshimichi Kono to second
Batting: RHB Dave Parker 0-0: Ball
1-0: Foul Ball, location: 2F
1-1: Foul Ball, location: 2F
1-2: Ball
2-2: Strikes out swinging
Batting: RHB Cy Keynes 0-0: Foul Ball, location: 2F
0-1: Ball
1-1: Ball
2-1: Ball
3-1: Base on Balls
Toshimichi Kono to third
Ron Crawford to second
Batting: LHB Luis González 0-0: Called Strike
0-1: Ball
1-1: Fly out, F7 (Flyball, 7)
Bottom of the 1st over - 1 run, 2 hits, 1 error, 3 left on base; Greenville 0 - Kansas City 1
TOP OF THE 2ND
Greenville 84s batting - Pitching for Kansas City Kings : RHP Ron Young
Batting: LHB Brock Larsen 0-0: Called Strike
0-1: Called Strike
0-2: Ball
1-2: Strikes out swinging
Batting: LHB Juan Cortés 0-0: Called Strike
0-1: Called Strike
0-2: Strikes out swinging
Batting: LHB Jimmy Vickers 0-0: Ball
1-0: Called Strike
1-1: Foul Ball, location: 2F
1-2: Strikes out swinging
Top of the 2nd over - 0 runs, 0 hits, 0 errors, 0 left on base; Greenville 0 - Kansas City 1
BOTTOM OF THE 2ND
Kansas City Kings batting - Pitching for Greenville 84s : LHP Darrell Harding
Batting: RHB Oliver Lugo 0-0: Foul Ball, location: 2F
0-1: Swinging Strike
0-2: Fly out, F3 (Popup, 34)
Batting: RHB Rafael Carreón 0-0: Foul Ball, location: 2F
0-1: Foul Ball, location: 2F
0-2: Foul Ball, location: 2F
0-2: Ball
1-2: Ball
2-2: Foul Ball, location: 2F
2-2: Foul Ball, location: 2F
2-2: Ball
3-2: Foul Ball, location: 2F
3-2: Foul Ball, location: 2F
3-2: Fly out, F7 (Flyball, 7S)
Batting: RHB Chris Chandler 0-0: Ball
1-0: Ball
2-0: Ground out 1-3 (Groundball, 13)
Bottom of the 2nd over - 0 runs, 0 hits, 0 errors, 0 left on base; Greenville 0 - Kansas City 1
TOP OF THE 3RD
Greenville 84s batting - Pitching for Kansas City Kings : RHP Ron Young
Batting: RHB Robert Buckley 0-0: SINGLE (Line Drive, 56D)
Batting: LHB Robert Moore 0-0: Ball
1-0: Foul Ball, location: 2F
1-1: Foul Ball, location: 2F
1-2: Strikes out looking
Batting: RHB Casey Fox 0-0: Called Strike
0-1: Ball
Robert Buckley steals 2nd base
1-1: Fly out, F8 (Flyball, 8RXD)
Runner from 2nd tags up, SAFE at 3rd, no throw
Batting: RHB Carlos Torres 0-0: Called Strike
0-1: Ball
1-1: Foul Ball, location: 2F
1-2: Ball
2-2: Ground out 5-3 (Groundball, 5S)
Top of the 3rd over - 0 runs, 1 hit, 0 errors, 1 left on base; Greenville 0 - Kansas City 1
BOTTOM OF THE 3RD
Kansas City Kings batting - Pitching for Greenville 84s : LHP Darrell Harding
Batting: SHB Douglas Taylor 0-0: Called Strike
0-1: Called Strike
0-2: Strikes out looking
Batting: RHB Toshimichi Kono 0-0: Ball
1-0: Foul Ball, location: 2F
1-1: Ball
2-1: SINGLE (Groundball, 6MD)
Batting: LHB Ron Crawford 0-0: Ball
1-0: Foul Ball, location: 2F
1-1: Swinging Strike
1-2: Strikes out swinging
Batting: RHB Dave Parker 0-0: Called Strike
0-1: Foul Ball, location: 2F
0-2: SINGLE (Line Drive, 34)
Toshimichi Kono to second
Runner from 2nd tries for 3rd, SAFE, no throw
Batting: RHB Cy Keynes 0-0: Foul Ball, location: 2F
0-1: SINGLE (Groundball, 56D)
Toshimichi Kono scores
Dave Parker to second
Batting: LHB Luis González 0-0: Ball
1-0: Called Strike
1-1: Ground out 4-3 (Groundball, 4)
Bottom of the 3rd over - 1 run, 3 hits, 0 errors, 2 left on base; Greenville 0 - Kansas City 2
TOP OF THE 4TH
Greenville 84s batting - Pitching for Kansas City Kings : RHP Ron Young
Batting: LHB Paco Rosas 0-0: Foul Ball, location: 2F
0-1: Ball
1-1: Ground out 4-3 (Groundball, 4)
Batting: RHB Enzo Díaz 0-0: Called Strike
0-1: Foul Ball, location: 2F
0-2: Ground out 3-1 (Groundball, 34S)
Batting: LHB Brock Larsen 0-0: Ball
1-0: Foul Ball, location: 2F
1-1: Foul Ball, location: 2F
1-2: Foul Ball, location: 2F
1-2: Foul Ball, location: 2F
1-2: Ball
2-2: Foul Ball, location: 2F
2-2: Foul Ball, location: 2F
2-2: Ball
3-2: Fly out, F7 (Flyball, 78D)
Top of the 4th over - 0 runs, 0 hits, 0 errors, 0 left on base; Greenville 0 - Kansas City 2
BOTTOM OF THE 4TH
Kansas City Kings batting - Pitching for Greenville 84s : LHP Darrell Harding
Batting: RHB Oliver Lugo 0-0: Called Strike
0-1: Ball
1-1: Ball
2-1: Ball
3-1: Foul Ball, location: 2F
3-2: Foul Ball, location: 2F
3-2: Strikes out swinging
Batting: RHB Rafael Carreón 0-0: Ball
1-0: Ball
2-0: Foul Ball, location: 2F
2-1: Foul Ball, location: 2F
2-2: Foul Ball, location: 2F
2-2: Ball
3-2: Base on Balls
Batting: RHB Chris Chandler 0-0: Called Strike
0-1: Ball
1-1: Called Strike
1-2: Foul Ball, location: 2F
1-2: Foul Ball, location: 2F
1-2: Strikes out swinging
Batting: SHB Douglas Taylor 0-0: Swinging Strike
0-1: Ball
1-1: Ball
2-1: Swinging Strike
2-2: Strikes out swinging
Bottom of the 4th over - 0 runs, 0 hits, 0 errors, 1 left on base; Greenville 0 - Kansas City 2
TOP OF THE 5TH
Greenville 84s batting - Pitching for Kansas City Kings : RHP Ron Young
Batting: LHB Juan Cortés 0-0: Called Strike
0-1: Called Strike
0-2: Ball
1-2: Ball
2-2: SINGLE (Line Drive, 4MD)
Batting: LHB Jimmy Vickers 0-0: Called Strike
0-1: Ball
1-1: Ball
2-1: Called Strike
2-2: Grounds into double play, 6-4-3 (Groundball, 6M)
Batting: RHB Robert Buckley 0-0: Foul Ball, location: 2F
0-1: Foul Ball, location: 2F
0-2: Fly out, F4 (Popup, 3D)
Top of the 5th over - 0 runs, 1 hit, 0 errors, 0 left on base; Greenville 0 - Kansas City 2
BOTTOM OF THE 5TH
Kansas City Kings batting - Pitching for Greenville 84s : LHP Darrell Harding
Pitching: RHP Tomás González
Batting: RHB Toshimichi Kono 0-0: Ground out U3 (Groundball, 34)
Batting: LHB Ron Crawford 0-0: Fly out, F7 (Line Drive, 7D)
Batting: RHB Dave Parker 0-0: Ball
1-0: SOLO HOME RUN (Flyball, 78XD), Distance : 391 ft
Batting: RHB Cy Keynes 0-0: Called Strike
0-1: Ball
1-1: Called Strike
1-2: Ball
2-2: Foul Ball, location: 2F
2-2: Foul Ball, location: 2F
2-2: Ball
3-2: SINGLE (Line Drive, 34)
Batting: LHB Luis González 0-0: Ball
1-0: Called Strike
1-1: Swinging Strike
1-2: Foul Ball, location: 2F
1-2: Foul Ball, location: 2F
1-2: Ball
2-2: Ball
3-2: SINGLE (Groundball, 34D)
Cy Keynes to second
Cy Keynes to third
Batting: RHB Oliver Lugo 0-0: Ball
1-0: SINGLE (Line Drive, 78M)
Cy Keynes scores
Luis González to second
Batting: RHB Rafael Carreón 0-0: Foul Ball, location: 2F
0-1: Foul Ball, location: 2F
0-2: Foul Ball, location: 2F
0-2: Foul Ball, location: 2F
0-2: Ball
1-2: DOUBLE (Flyball, 8RXD)
Luis González scores
Oliver Lugo to third
Batting: RHB Chris Chandler 0-0: Called Strike
0-1: Called Strike
0-2: SINGLE (Groundball, 4MD)
Oliver Lugo scores
Rafael Carreón to third
Runner from 3rd tries for Home, throw and OUT!
Bottom of the 5th over - 4 runs, 6 hits, 0 errors, 1 left on base; Greenville 0 - Kansas City 6
TOP OF THE 6TH
Greenville 84s batting - Pitching for Kansas City Kings : RHP Ron Young
Batting: LHB Robert Moore 0-0: Ball
1-0: Swinging Strike
1-1: Swinging Strike
1-2: Strikes out swinging
Batting: RHB Casey Fox 0-0: Ball
1-0: Called Strike
1-1: Called Strike
1-2: Ground out 5-3 (Groundball, 56)
Batting: RHB Carlos Torres 0-0: Ball
1-0: Swinging Strike
1-1: DOUBLE (Line Drive, 8RD)
Batting: LHB Paco Rosas 0-0: Ball
1-0: Fly out, F8 (Flyball, 8RD)
Top of the 6th over - 0 runs, 1 hit, 0 errors, 1 left on base; Greenville 0 - Kansas City 6
BOTTOM OF THE 6TH
Kansas City Kings batting - Pitching for Greenville 84s : RHP Tomás González
Pitching: LHP Raymond Ritchie
Batting: SHB Douglas Taylor 0-0: Called Strike
0-1: Ball
1-1: Ball
2-1: Foul Ball, location: 2F
2-2: SINGLE (Groundball, 56D)
Batting: RHB Toshimichi Kono 0-0: Called Strike
0-1: Ball
1-1: Ball
2-1: Ball
3-1: SINGLE (Flyball, 9LS)
Douglas Taylor to second
Runner from 2nd tries for 3rd, SAFE, no throw
Batting: LHB Ron Crawford 0-0: Ball
1-0: Ball
2-0: Grounds into double play, 4-6-3 (Groundball, 4)
Douglas Taylor scores
Batting: RHB Dave Parker 0-0: Ball
1-0: Foul Ball, location: 2F
1-1: SINGLE (Groundball, 56D)
Batting: RHB Cy Keynes 0-0: Called Strike
0-1: Hit by Pitch
Dave Parker to second
Batting: LHB Luis González 0-0: Foul Ball, location: 2F
0-1: Called Strike
0-2: Ball
1-2: Foul Ball, location: 2F
1-2: SINGLE (Line Drive, 5L)
Dave Parker to third
Cy Keynes to second
Runner from 3rd tries for Home, SAFE, no throw
Batting: RHB Oliver Lugo 0-0: Ball
1-0: Ball
2-0: Foul Ball, location: 2F
2-1: Ball
3-1: Fly out, F9 (Flyball, 9S)
Bottom of the 6th over - 2 runs, 4 hits, 0 errors, 2 left on base; Greenville 0 - Kansas City 8
TOP OF THE 7TH
Greenville 84s batting - Pitching for Kansas City Kings : RHP Ron Young
Batting: RHB Enzo Díaz 0-0: Ball
1-0: Called Strike
1-1: Swinging Strike
1-2: Ball
2-2: Ball
3-2: Strikes out looking
Batting: LHB Brock Larsen 0-0: Foul Ball, location: 2F
0-1: Ball
1-1: Swinging Strike
1-2: Ball
2-2: Ball
3-2: Ground out 4-3 (Groundball, 34D)
Batting: LHB Juan Cortés 0-0: Ball
1-0: Ball
2-0: Called Strike
2-1: Ball
3-1: Base on Balls
Batting: LHB Jimmy Vickers 0-0: Ball
1-0: Called Strike
1-1: Fly out, F6 (Popup, 6M)
Top of the 7th over - 0 runs, 0 hits, 0 errors, 1 left on base; Greenville 0 - Kansas City 8
BOTTOM OF THE 7TH
Kansas City Kings batting - Pitching for Greenville 84s : LHP Raymond Ritchie
Batting: RHB Rafael Carreón 0-0: Ball
1-0: Ball
2-0: SINGLE (Groundball, 6MD)
Pitching: LHP Sam Kettley
Batting: RHB Chris Chandler 0-0: Ball
1-0: Called Strike
1-1: Ball
2-1: Ball
3-1: Base on Balls
Rafael Carreón to second
Batting: SHB Douglas Taylor 0-0: Called Strike
0-1: Ball
1-1: Called Strike
1-2: Ball
2-2: Ball
3-2: Foul Ball, location: 2F
3-2: Strikes out swinging
Batting: RHB Toshimichi Kono 0-0: Fly out, F9 (Flyball, 9)
Batting: LHB Ron Crawford 0-0: Ball
1-0: Fly out, F7 (Line Drive, 78M)
Bottom of the 7th over - 0 runs, 1 hit, 0 errors, 2 left on base; Greenville 0 - Kansas City 8
TOP OF THE 8TH
Greenville 84s batting - Pitching for Kansas City Kings : RHP Ron Young
Batting: RHB Robert Buckley 0-0: Ball
1-0: Foul Ball, location: 2F
1-1: Ball
2-1: Foul Ball, location: 2F
2-2: Foul Ball, location: 2F
2-2: Strikes out swinging
Batting: LHB Robert Moore 0-0: Foul Ball, location: 2F
0-1: Ball
1-1: Swinging Strike
1-2: Ball
2-2: Ground out 1-3 (Groundball, 13S)
Batting: RHB Casey Fox 0-0: Ball
1-0: Ball
2-0: SINGLE (Line Drive, 8LS)
Batting: RHB Carlos Torres 0-0: Foul Ball, location: 2F
0-1: Ball
1-1: Foul Ball, location: 2F
1-2: Foul Ball, location: 2F
1-2: Ball
2-2: Fly out, F9 (Flyball, 89S)
Top of the 8th over - 0 runs, 1 hit, 0 errors, 1 left on base; Greenville 0 - Kansas City 8
BOTTOM OF THE 8TH
Kansas City Kings batting - Pitching for Greenville 84s : LHP Sam Kettley
Batting: RHB Dave Parker 0-0: Called Strike
0-1: Foul Ball, location: 2F
0-2: Ball
1-2: Strikes out swinging
Batting: RHB Cy Keynes 0-0: Ball
1-0: Ball
2-0: Ball
3-0: Base on Balls
Batting: LHB Luis González 0-0: Ball
1-0: Ball
2-0: Ball
3-0: Called Strike
3-1: Base on Balls
Cy Keynes to second
Batting: RHB Oliver Lugo 0-0: Called Strike
0-1: Foul Ball, location: 2F
0-2: Ball
1-2: Strikes out looking
Batting: RHB Rafael Carreón 0-0: Ball
1-0: Ground out 4-3 (Groundball, 4)
Bottom of the 8th over - 0 runs, 0 hits, 0 errors, 2 left on base; Greenville 0 - Kansas City 8
TOP OF THE 9TH
Greenville 84s batting - Pitching for Kansas City Kings : RHP Ron Young
Batting: LHB Paco Rosas 0-0: Ball
1-0: SINGLE (Line Drive, 89S)
Pitching: LHP Rob Lucas
Batting: RHB Enzo Díaz 0-0: Foul Ball, location: 2F
0-1: Ball
1-1: Ball
2-1: Foul Ball, location: 2F
2-2: SINGLE (Groundball, 4MD)
Paco Rosas to second
Batting: LHB Brock Larsen 0-0: Ball
1-0: SINGLE (Line Drive, 8LS)
Paco Rosas to third
Enzo Díaz to second
Batting: LHB Juan Cortés 0-0: Ball
1-0: Foul Ball, location: 2F
1-1: Ball
2-1: SINGLE (Groundball, 6S) (infield hit)
Paco Rosas scores
Enzo Díaz to third
Brock Larsen to second
Batting: LHB Jimmy Vickers 0-0: Ball
1-0: Called Strike
1-1: Ball
2-1: Swinging Strike
2-2: Strikes out swinging
Batting: RHB Robert Buckley 0-0: Ball
1-0: Ball
2-0: Called Strike
2-1: Called Strike
2-2: Fly out, F8 (Flyball, 8LD)
Runner from 3rd tags up, SCORES, no throw
Batting: LHB Robert Moore 0-0: Foul Ball, location: 2F
0-1: Ground out 4-3 (Groundball, 4M)
Top of the 9th over - 2 runs, 4 hits, 0 errors, 2 left on base; Greenville 2 - Kansas City 8
Saturday, December 16th, 2017 - OOTP Baseball 18.8 Build 76